 Dungeon Crawl Stone Soup version 0.25.1-8-g42b30a86e7 (webtiles) character file.

Game seed: 13910294063363937697

1826 Abzac the Cleaver (level 9, 0/79 HPs)
             Began as a Hill Orc Fighter on Dec 21, 2020.
             Was a Priest of the Shining One.
             Killed by divine providence
             ... invoked by an orc priest
              (9 damage)
             ... on level 7 of the Dungeon.
             The game lasted 00:09:08 (5173 turns).

Abzac the Cleaver (Hill Orc Fighter)                Turns: 5173, Time: 00:09:09

Health: 0/79       AC:  9    Str: 22    XL:     9   Next: 11%
Magic:  12/13      EV:  7    Int: 14    God:    the Shining One [***...]
Gold:   345        SH: 17    Dex: 10    Spells: 8/8 levels left

rFire    . . .     SeeInvis .   a - +0 war axe
rCold    . . .     Gourm    .   c - +0 kite shield
rNeg     + . .     Faith    .   b - +0 scale mail
rPois    .         Spirit   .   n - +1 helmet
rElec    .         Reflect  .   (no cloak)
rCorr    .         Harm     .   (no gloves)
MR       .....                  (no boots)
Stlth    ..........             (no amulet)
HPRegen  0.23/turn              l - +6 ring of intelligence
MPRegen  0.13/turn              (no ring)

@: divine shield, glowing
A: no striking features
a: Divine Shield, Renounce Religion, Convert to Beogh


You were on level 7 of the Dungeon.
You worshipped the Shining One.
The Shining One was most pleased with you.
You were hungry.

You visited 1 branch of the dungeon, and saw 7 of its levels.

You collected 345 gold pieces.

Inventory:

Hand Weapons
 a - a +0 war axe (weapon)
 m - a +2 mace of protection
 y - a +4 scimitar of holy wrath
Armour
 b - a +0 scale mail (worn)
 c - a +0 kite shield (worn)
 j - the cursed +0 robe "Dothuet" {rElec rPois rF- Stlth+, unknown}
   (You found it on level 4 of the Dungeon)

   It makes you vulnerable to fire.
   It insulates you from electricity.
   It protects you from poison.
   It makes you more stealthy.
   It has a curse placed upon it.
 n - a +1 helmet (worn)
 B - a +0 pair of gloves
Jewellery
 l - a +6 ring of intelligence (left hand)
 o - an uncursed ring of wizardry
 v - an uncursed ring of see invisible {unknown}
Wands
 x - a wand of digging (10)
 A - a wand of enslavement (3)
Scrolls
 e - 2 scrolls of enchant armour
 i - a scroll of amnesia {unknown}
 p - 2 scrolls of teleportation
 u - 2 scrolls of enchant weapon {unknown}
 w - a scroll of remove curse {unknown}
 z - a scroll of vulnerability {unknown}
 C - a scroll of magic mapping {unknown}
 D - a scroll of immolation {unknown}
 F - 2 scrolls of fear {unknown}
Potions
 d - a potion of might
 g - 3 potions of stabbing {unknown}
 h - a potion of haste {unknown}
 k - a potion of resistance {unknown}
 q - 2 potions of mutation {unknown}
 r - a potion of invisibility {unknown}
 t - a potion of flight {unknown}
 E - a potion of heal wounds {unknown}
Comestibles
 f - 7 rations


   Skills:
 + Level 7.2 Fighting
 - Level 11.5 Axes
 - Level 3.2 Armour
 - Level 3.2 Shields
 + Level 6.6 Invocations


You had 8 spell levels left.
You didn't know any spells.
Your spell library was empty.

Dungeon Overview and Level Annotations

Branches:
Dungeon (7/15)
 Temple: D:4-7

Altars:
Sif Muna
Trog
Wu Jian
The Shining One

Annotations:
D:6 Dowan, Duvessa, Sigmund


Message History

You slash the hound skeleton!
The hound skeleton is almost destroyed.
You block the hound skeleton's attack.
The orc hits you from afar with a +0 trident.
* * * LOW HITPOINT WARNING * * *
You hit the hound skeleton.
You destroy the hound skeleton!
The Shining One accepts your kill. The orc hits you but does no damage.
You hit the orc priest.
The orc priest is heavily wounded.
You block the orc's attack.
A phantom comes into view.
The orc priest barely misses you.
Your shield prevents you from hitting the orc priest.
The orc priest is heavily wounded.
The orc priest shouts, "Join the one true god or die!"
The orc priest calls down the wrath of Beogh upon you.
Beogh smites you!
You die...

.. ###.##
..... #
#...###
#.##...#.
........
#.Wo#########
#..oo@.....[.
#.(o#########
#...# #...#
#..W# #>..#
....#...#
....#...#
#...#...#


You could see a phantom, 2 orc priests and 2 orcs.

Vanquished Creatures
  A hungry ghost (D:7)
  2 sky beasts (D:5)
  A phantom (D:7)
  2 centaurs
  Blork the orc (D:5)
  2 bullfrogs
  2 scorpions
  2 howler monkeys
  2 crimson imps (D:5)
  2 jellies
  A bullfrog zombie (D:4)
  A centaur zombie (D:5)
  2 hounds (D:4)
  5 bullfrog skeletons
  An orc priest (D:7)
  2 worker ants
  5 orc wizards
  2 hound skeletons
  A howler monkey zombie (D:7)
  Robin (D:1)
  A howler monkey skeleton (D:4)
  10 adders
  A shadow imp (D:6)
  2 adder skeletons
  A worm (D:2)
  4 dart slugs
  6 leopard geckos
  9 orcs
  2 ball pythons
  7 giant cockroaches
  13 hobgoblins
  12 jackals
  10 kobolds
  3 quokkas
  5 bats
  2 frilled lizards
  A giant cockroach zombie (D:5)
  15 goblins
  A jackal skeleton (D:5)
  3 quokka skeletons
  6 rats
152 creatures vanquished.

Vanquished Creatures (others)
  4 toadstools (D:1)
4 creatures vanquished.

Grand Total: 156 creatures vanquished

Notes
Turn   | Place    | Note
-------+----------+-------------------------------------------
     0 | D:1      | Abzac the Hill Orc Fighter began the quest for the Orb.
     0 | D:1      | Reached XP level 1. HP: 19/19 MP: 1/1
    27 | D:1      | Reached skill level 3 in Axes
    94 | D:1      | Reached XP level 2. HP: 26/26 MP: 2/2
   280 | D:1      | Reached skill level 4 in Axes
   426 | D:1      | Reached XP level 3. HP: 31/31 MP: 3/3
   608 | D:1      | Found a glowing golden altar of the Shining One.
   825 | D:1      | Became a worshipper of the Shining One
   899 | D:2      | Noticed Robin
   908 | D:2      | Reached skill level 5 in Axes
   939 | D:1      | Killed Robin
   939 | D:1      | Reached XP level 4. HP: 6/39 MP: 4/4
  1293 | D:2      | Found an ornate altar of the Wu Jian Council.
  1318 | D:2      | Reached skill level 6 in Axes
  1615 | D:2      | Found a bloodstained altar of Trog.
  1619 | D:2      | Reached XP level 5. HP: 45/45 MP: 5/5
  2121 | D:3      | Reached skill level 7 in Axes
  2227 | D:3      | Reached * piety under the Shining One
  2793 | D:4      | Reached skill level 8 in Axes
  2793 | D:4      | Reached XP level 6. HP: 28/51 MP: 6/6
  3010 | D:4      | Got a steaming robe
  3048 | D:4      | Reached skill level 9 in Axes
  3218 | D:4      | Reached XP level 7. HP: 45/57 MP: 7/7
  3365 | D:4      | You fall into a shaft and drop 1 floor!
  3365 | D:5      | Entered Level 5 of the Dungeon
  3366 | D:5      | Reached ** piety under the Shining One
  3373 | D:5      | Reached skill level 10 in Axes
  3398 | D:5      | Noticed Blork the orc
  3405 | D:5      | Killed Blork the orc
  3405 | D:5      | Reached skill level 11 in Axes
  3813 | D:5      | Reached XP level 8. HP: 56/64 MP: 8/8
  3870 | D:5      | Found a shimmering blue altar of Sif Muna.
  3941 | D:5      | Reached skill level 1 in Invocations
  4748 | D:6      | Reached skill level 5 in Fighting
  4912 | D:6      | Noticed Dowan
  4919 | D:6      | Noticed Sigmund
  4922 | D:6      | Noticed Duvessa
  5092 | D:7      | Reached *** piety under the Shining One
  5140 | D:7      | Reached skill level 5 in Invocations
  5155 | D:7      | Reached XP level 9. HP: 50/78 MP: 13/13
  5173 | D:7      | Killed from afar by an orc priest

Illustrated notes

Levels and vault maps discovered:
D:1:      ldierk_water_garden, layout_loops_ring, tso_altar
D:2:      layout_basic, lemuel_crystal_altar, lemuel_round_altar, uniq_robin
D:3:      layout_basic, first_ration
D:4:      layout_cave_pools
D:5:      layout_loops_ring, basic_altar, uniq_blork_the_orc
D:6:      layout_basic, grunt_qazlal_clouds, kennysheep_mini,
          kennysheep_okawaru_gauntlet, overflow_temple_1_default,
          minmay_temple_entry_wispy, serial_shops, shop_fountains, uniq_duvessa,
          uniq_menkaure, uniq_sigmund
D:7:      kennysheep_six_static_rooms, layout_basic, kennysheep_little_box,
          uniq_crazy_yiuf_cottage, uniq_prince_ribbit1, uniq_maggie

Skill      XL: |  1  2  3  4  5  6  7  8  9 |
---------------+----------------------------+-----
Axes           | 3 4 5 6 8 9 11 | 11.5
Invocations    | 6 |  6.6
Fighting       | 6 7 |  7.2
Armour         | |  3.2
Shields        | |  3.2

Action                   |  1- 3 |  4- 6 |  7- 9 || total
-------------------------+-------+-------+-------++-------
Melee: War axe           |    90 |   161 |   166 ||   417
Invok: Divine Shield     |       |       |     2 ||     2
  Use: Scroll            |       |     5 |       ||     5
       Potion            |       |       |     1 ||     1
  Eat: Chunk             |       |     8 |     5 ||    13
       Ration            |       |       |     2 ||     2
Armor: Scale mail        |    43 |    62 |    67 ||   172
Dodge: Dodged            |    26 |    41 |    35 ||   102
Block: Kite shield       |    45 |    74 |    80 ||   199
